 Dungeon Crawl Stone Soup version 0.31-a0-1576-ga3383bade6 (webtiles) character file.

Game seed: 11587255993861553627

150860 grandjackal the Warrior (level 16, 0/158 HPs)
             Began as a Demonspawn Gladiator on Jan 4, 2024.
             Was a High Priest of Trog.
             Slain by an emperor scorpion (13 damage)
             ... on level 4 of the Spider Nest.
             The game lasted 00:36:35 (28546 turns).

grandjackal the Warrior (Demonspawn Gladiator)     Turns: 28546, Time: 00:36:35

Health: 0/158      AC: 26    Str: 20 (21) XL:     16   Next: 99%
Magic:  26/26      EV: 14    Int: 13 (14) God:    Trog [*****.]
Gold:   2777       SH:  0    Dex: 16      Spells: 15/15 levels left

rFire   . . .        a - +2 war axe (heavy)
rCold   . . .        (no shield)
rNeg    . . .        T - +2 storm dragon scales
rPois   +            J - +3 hat of Pondering {ponderous, Will+ MP+10 Int+5}
rElec   +            n - +0 cloak
rCorr   .            p - +0 pair of gloves
SInv    .            (boots unavailable)
Will    ++...        Z - amulet of regeneration Stlth
                     j - ring of poison resistance
HPRegen 1.26/turn    s - +5 ring of evasion
MPRegen 0.20/turn

%: no passive effects
@: lethally poisoned (0 -> -26), slow
A: hooves 3, rugged brown scales 3, foul stench 2, powered by death 1
a: Renounce Religion, Berserk, Trog's Hand, Brothers in Arms


You were on level 4 of the Spider Nest.
You worshipped Trog.
Trog was extremely pleased with you.
You visited 5 branches of the dungeon, and saw 27 of its levels.
You also visited: Bailey.

You collected 3355 gold pieces.
You spent 578 gold pieces at shops.

Inventory:

Hand Weapons
 a - a +2 heavy war axe (weapon)
 S - a +0 broad axe of flaming
Missiles
 d - 4 throwing nets (quivered)
 e - 10 javelins
Armour
 n - a +0 cloak (worn)
 p - a +0 pair of gloves (worn)
 J - the +3 hat of Pondering (worn) {ponderous, Will+ MP+10 Int+5}
   (You took it off Gastronok on level 8 of the Dungeon)

   Int+5:     It affects your intelligence (+5).
   Will+:     It increases your willpower.
   MP+10:     It affects your magic capacity (+10).
 Q - a +2 kite shield of protection
 T - +2 storm dragon scales (worn)
Jewellery
 j - a ring of poison resistance (left hand)
 l - a ring of ice
 s - a +5 ring of evasion (right hand)
 t - a ring of protection from cold
 O - a ring of ice
 V - a +6 ring of strength
 Z - an amulet of regeneration (around neck)
Wands
 z - a wand of mindburst (22)
 A - a wand of charming (52)
 B - a wand of flame (35)
 C - a wand of polymorph (15)
 M - a wand of roots (21)
 R - a wand of acid (5)
Scrolls
 b - 5 scrolls of teleportation
 f - 4 scrolls of fear
 i - 9 scrolls of fog
 o - 7 scrolls of vulnerability
 q - 2 scrolls of blinking
 v - a scroll of brand weapon
 x - 2 scrolls of revelation
 y - a scroll of torment
 D - 2 scrolls of enchant armour
 E - 2 scrolls of summoning
 I - 2 scrolls of silence
 L - a scroll of immolation
 W - a scroll of enchant weapon
Potions
 c - 2 potions of enlightenment
 g - a potion of ambrosia
 h - 2 potions of magic
 k - a potion of attraction
 m - 7 potions of heal wounds
 r - a potion of mutation
 u - a potion of invisibility
 w - 9 potions of curing
 G - a potion of resistance
 K - 4 potions of might
 N - 2 potions of lignification
 P - 2 potions of berserk rage
 Y - 3 potions of haste
Miscellaneous
 H - a phial of floods
 U - a sack of spiders
 X - a phantom mirror


   Skills:
 + Level 19.6 Fighting
 + Level 18.2 Axes
 - Level 2.0 Throwing
 - Level 11.0 Armour
 - Level 3.0 Dodging
 + Level 7.6 Shields


You had 15 spell levels left.
You didn't know any spells.
Your spell library contained the following spells:

 Spells                   Type           Power      Damage    Failure   Level
 Magic Dart               Conj           0%         1d3       91%         1
 Blink                    Tloc           0%         N/A       97%         2
 Call Imp                 Summ           0%         N/A       97%         2
 Lesser Beckoning         Tloc           0%         N/A       97%         2
 Momentum Strike          Conj/Tloc      0%         3d8       97%         2
 Summon Ice Beast         Ice/Summ       0%         N/A       99%         3
 Manifold Assault         Tloc           0%         N/A       100%        4
 Summon Mana Viper        Hex/Summ       0%         N/A       100%        5
 Dispersal                Tloc           0%         N/A       100%        6
 Monstrous Menagerie      Summ           0%         N/A       100%        7
 Disjunction              Tloc           0%         N/A       100%        8


Dungeon Overview and Level Annotations

Branches:
Dungeon (15/15)            Temple (1/1) D:5            Lair (5/5) D:8
 Shoals (0/4) Lair:2       Spider (4/4) Lair:3        Slime (0/5) Lair:4
    Orc (2/2) D:9             Elf (0/3) Orc:2        Vaults (0/5) D:14
 Depths (0/4) D:15         Bailey (visited)

Altars:
Ashenzari
Cheibriados
Dithmenos
Fedhas
Gozag
Hepliaklqana
Kikubaaqudgha
Makhleb
Nemelex Xobeh
Okawaru
Qazlal
Ru
Sif Muna
Trog
Uskayaw
Vehumet
Wu Jian
Xom
Yredelemnul
Jiyva

Shops:
D:1 [   D:6 **   D:7 :   Orc:2 *[([

Annotations:
D:15 4 runed translucent doors, DeathSocks's ghost, journeyman VSBe
Lair:5 exclusion: obsidian statue


Innate Abilities, Weirdness & Mutations

You have hooves in place of feet.
You are completely covered in rugged brown scales. (AC +3, +7% HP)
You sometimes emit foul miasma when damaged in melee.
You regenerate a little health from kills.


Message History

The demonic crawler is moderately wounded.
A redback comes into view.
The demonic crawler barely misses you. x2; The demonic crawler hits you.
The jumping spider leaps!
Unknown command.
The jumping spider leaps!
The jumping spider misses you. x2
The broodmother summons spiders!
The orb spider spins a strand of pure energy.
The demonic crawler misses you.
The demonic crawler completely misses you.
The demonic crawler barely misses you. The jumping spider pounces on you!
The jumping spider bites you but does no damage.
Your troll goes berserk!
Send 'em back where they came from!
Trog shields your ally from puny magic!
A redback comes into view.
The demonic crawler closely misses you. The demonic crawler hits you.
The demonic crawler barely misses you.
Unknown command.
Unknown command.
Your two-headed ogre goes berserk!
The orb spider weaves a glowing orb of energy.
The demonic crawler barely misses you.
The demonic crawler hits you but does no damage. x2
The jumping spider leaps!
The emperor scorpion stings you!
You are poisoned.
The emperor scorpion poisons you!
The emperor scorpion claws you but does no damage.
The emperor scorpion completely misses you.
An orb of destruction comes into view.
Unknown command.
Your troll goes berserk!
You feel extremely sick.
The demonic crawler hits you. x2; You emit a cloud of foul miasma!
The demonic crawler barely misses you.
The wavering orb of destruction hits you!!!
* * * LOW HITPOINT WARNING * * *
Your two-headed ogre hits the demonic crawler with a +0 giant club!! x2
The emperor scorpion stings you!
You die...

#........ #/. s
+.......##...B.
+...^^#.°....s.
+.......#s#...#
#.........s.#
#......ss.#s#..
#...#.ss#....#
#....#ss....##
#...T@s##....^
#..T.☼O.#..#..
##...#s..#....
#.#.#.....#..
#^.........#.
#.....#.#....
#........#^#^
###..<.##.....#
##..!#^.....#^#.


You could see a broodmother, an emperor scorpion, a demonic crawler (ally
target), an orb spider, a jumping spider, 4 redbacks, a friendly two-headed ogre
(summoned, berserk) and 2 friendly trolls.

Vanquished Creatures
  Bai Suzhen (Spider:3)
  2 emperor scorpions
  2 ghost moths
  A stone giant (D:15)
  An ironbound thunderhulk (D:14)
  6 dire elephants (Lair:5)
  3 spark wasps
  An ettin (Orc:1)
  A fire dragon (D:9)
  Josephine (Orc:1)
  2 entropy weavers (Spider:2)
  Harold (Lair:2)
  Fannar (Lair:1)
  An ice dragon (D:13)
  A jorogumo (Spider:3)
  An ogre mage (D:15)
  A vault guard (D:14)
  4 centaur warriors
  A catoblepas (Lair:5)
  2 two-headed ogres
  5 hydras
  2 radroaches
  Erica (Lair:2)
  7 death yaks (Lair:5)
  3 tengu warriors
  9 boulder beetles
  4 demonic crawlers
  5 orc high priests (Orc:2)
  Lodul (D:13)
  A skyshark (Lair:5)
  8 pharaoh ants
  3 skeletal warriors
  4 orb spiders
  A spectral anaconda (Lair:5)
  3 sun moths
  4 steelbarb worms
  11 orc knights
  4 necromancers (Lair:5)
  2 deep elf pyromancers (D:14)
  3 orc sorcerers
  8 cyclopes
  21 wolf spiders
  A manticore (D:12)
  10 ugly things
  3 meliai (Spider:1)
  7 elephants (Lair:5)
  A guardian serpent (shapeshifter) (D:9)
  5 black mambas
  2 kobold blastminers (Orc:2)
  Joseph (D:10)
  3 moths of wrath
  2 dire elephant zombies (Lair:5)
  14 cane toads
  6 torpor snails
  A gargoyle (D:12)
  Maggie (D:8)
  A cane toad (shapeshifter) (D:13)
  11 komodo dragons
  An unseen horror (D:12)
  4 kobold demonologists
  8 rime drakes
  A komodo dragon (shapeshifter) (D:14)
  Psyche (D:8)
  3 merfolk (Lair:2)
  3 polar bears
  7 trolls
  13 tarantellas
  Prince Ribbit (D:8)
  7 blink frogs (Lair:4)
  Grinder (D:4)
  7 dream sheep (Lair:4)
  16 jumping spiders
  A jumping spider (shapeshifter) (D:13)
  2 shadows (D:11)
  Sigmund (D:5)
  2 spriggans (Lair:2)
  15 culicivoras
  8 slime creatures
  A vampire (D:10)
  7 wraiths
  4 wyverns
  3 humans (D:14)
  2 wargs (Orc:2)
  36 yaks
  An unseen horror simulacrum (D:9)
  2 steam dragons
  12 vampire mosquitoes
  11 basilisks
  38 redbacks
  Edmund (D:5)
  8 acid dragons
  2 spectral cane toads (Lair:5)
  14 water moccasins
  7 ice beasts
  An elephant zombie (Lair:5)
  3 sky beasts
  A black bear (Lair:2)
  42 orc warriors
  2 laughing skulls (D:9)
  12 ogres
  3 centaurs
  12 wolves
  3 kobold brigands
  17 bullfrogs
  3 gnoll sergeants
  3 scorpions
  4 wights
  9 killer bees
  An electric eel (D:10)
  7 howler monkeys
  4 hounds
  32 orc priests
  2 bombardier beetles (D:5)
  2 jellies
  A gnoll bouda (D:8)
  3 iguanas
  Ijyb (D:5)
  39 orc wizards
  4 gnolls (D:8)
  5 adders
  A shadow imp (D:6)
  2 white imps
  5 dart slugs
  2 ribbon worms
  101 orcs
  4 bats
  4 endoplasms
  5 giant cockroaches
  15 goblins
  3 hobgoblins
  4 quokkas
  8 ball pythons
  3 frilled lizards
  12 kobolds
  10 rats
859 creatures vanquished.

Vanquished Creatures (collateral kills)
  Gastronok (D:8)
  An ice beast (D:8)
  2 wolves (D:8)
  A gnoll sergeant (D:8)
  3 gnolls (D:8)
  An orc (D:8)
9 creatures vanquished.

Vanquished Creatures (others)
  An ogre (D:5)
  An orc wizard (D:12)
2 creatures vanquished.

Grand Total: 870 creatures vanquished

Notes
Turn   | Place    | Note
-------+----------+-------------------------------------------
     0 | D:1      | grandjackal the Demonspawn Gladiator began the quest for
                  | the Orb.
     0 | D:1      | Reached XP level 1. HP: 16/16 MP: 1/1
   112 | D:1      | Gained mutation: You have large cloven feet. [demonic
                  | ancestry]
   112 | D:1      | Reached XP level 2. HP: 10/22 MP: 2/2
   170 | D:1      | Found Ruugyt's Armour Emporium.
   826 | D:2      | Reached XP level 3. HP: 28/28 MP: 3/3
  1467 | D:3      | Reached skill level 3 in Fighting
  1784 | D:3      | Reached XP level 4. HP: 35/35 MP: 4/4
  2014 | D:4      | Noticed a scorpion
  2015 | D:4      | Found a snail-covered altar of Cheibriados.
  2022 | D:4      | Killed a scorpion
  2023 | D:4      | Reached XP level 5. HP: 35/42 MP: 5/5
  2093 | D:4      | Found a blossoming altar of Fedhas.
  2353 | D:4      | Noticed Grinder
  2372 | D:4      | Paralysed by Grinder for 2 turns
  2375 | D:4      | Killed Grinder
  2376 | D:4      | Reached skill level 4 in Fighting
  2376 | D:4      | Gained mutation: You regenerate a little health from kills.
                  | [demonic ancestry]
  2376 | D:4      | Reached XP level 6. HP: 48/50 MP: 6/6
  2396 | D:4      | Found an opulent altar of Gozag.
  2542 | D:5      | Entered Level 5 of the Dungeon
  2680 | D:5      | Reached skill level 5 in Fighting
  2680 | D:5      | Reached skill level 5 in Axes
  2855 | D:5      | Noticed an ice beast
  2873 | D:5      | Killed an ice beast
  2874 | D:5      | Gained mutation: You are partially covered in rugged brown
                  | scales. (AC +1, +3% HP) [demonic ancestry]
  2874 | D:5      | Reached XP level 7. HP: 43/58 MP: 7/7
  2937 | D:5      | Found a staircase to the Ecumenical Temple.
  2957 | D:5      | Reached skill level 6 in Fighting
  2958 | Temple   | Entered the Ecumenical Temple
  2977 | Temple   | Became a worshipper of Trog the Wrathful
  3001 | D:5      | Noticed Ijyb
  3007 | D:5      | Killed Ijyb
  3221 | D:5      | Found a burning altar of Makhleb.
  3224 | D:5      | Noticed a blizzard demon
  3334 | D:5      | Noticed Sigmund
  3355 | D:5      | Killed Sigmund
  3360 | D:5      | Noticed Edmund
  3363 | D:5      | Identified the +4 flail of Extremism {antimagic, rF+ Str+5}
  3376 | D:5      | Killed Edmund
  3377 | D:5      | Reached XP level 8. HP: 35/66 MP: 2/8
  3841 | D:5      | Found a shimmering blue altar of Sif Muna.
  3926 | D:6      | Reached skill level 7 in Fighting
  4205 | D:6      | Found Imeosch's Specific Store.
  4207 | D:6      | Found Roguac's General Store.
  4211 | D:6      | Bought 2 scrolls of summoning for 247 gold pieces
  4580 | D:6      | Reached skill level 8 in Fighting
  4734 | D:6      | Reached * piety under Trog
  5013 | D:6      | Found an iron altar of Okawaru.
  5050 | D:6      | Gained mutation: You are mostly covered in rugged brown
                  | scales. (AC +2, +5% HP) [demonic ancestry]
  5050 | D:6      | Reached XP level 9. HP: 70/78 MP: 9/9
  5259 | D:7      | Found Bedos's Book Boutique.
  5510 | D:7      | Reached skill level 9 in Fighting
  5593 | D:7      | Reached ** piety under Trog
  5694 | D:7      | Found a flagged portal.
  5713 | Bailey   | Entered a bailey
  5918 | Bailey   | Reached skill level 10 in Fighting
  6566 | D:7      | Reached XP level 10. HP: 75/90 MP: 10/10
  6753 | D:8      | Noticed Maggie
  6765 | D:8      | Killed Maggie
  6796 | D:8      | Noticed Prince Ribbit
  6821 | D:8      | Killed Prince Ribbit
  6822 | D:8      | Reached skill level 10 in Axes
  7063 | D:8      | Noticed Gastronok
  7074 | D:8      | Reached skill level 11 in Fighting
  7076 | D:8      | Reached *** piety under Trog
  7083 | D:8      | Killed Gastronok
  7248 | D:8      | Found a staircase to the Lair.
  7414 | D:8      | Reached skill level 12 in Fighting
  7415 | D:8      | Noticed Psyche
  7580 | D:8      | Killed Psyche
  7875 | D:8      | Gained mutation: You have hoof-like feet. [demonic
                  | ancestry]
  7875 | D:8      | Reached XP level 11. HP: 84/99 MP: 11/11
  8168 | D:9      | Found a sacrificial altar of Ru.
  8212 | D:9      | Found a staircase to the Orcish Mines.
  8504 | D:9      | Reached **** piety under Trog
  8703 | D:9      | Noticed a fire dragon
  8714 | D:9      | Killed a fire dragon
  8993 | D:9      | Reached skill level 13 in Fighting
  9134 | D:9      | Found a hide-covered altar of Uskayaw.
  9209 | D:9      | Noticed a purple ugly thing
  9210 | D:9      | Noticed a purple ugly thing
  9212 | D:9      | Noticed a red ugly thing
  9216 | D:9      | Killed a purple ugly thing
  9222 | D:9      | Killed a purple ugly thing
  9227 | D:9      | Killed a red ugly thing
  9244 | D:9      | Noticed a red ugly thing
  9254 | D:9      | Killed a red ugly thing
 10182 | D:9      | Noticed a two-headed ogre
 10188 | D:9      | Killed a two-headed ogre
 10291 | D:10     | Entered Level 10 of the Dungeon
 10304 | D:9      | Gained mutation: You are completely covered in rugged brown
                  | scales. (AC +3, +7% HP) [demonic ancestry]
 10304 | D:9      | Reached XP level 12. HP: 100/113 MP: 12/12
 10438 | D:10     | Reached skill level 14 in Fighting
 10711 | D:10     | Reached skill level 1 in Armour
 10987 | D:10     | Noticed Joseph
 11001 | D:10     | Killed Joseph
 11381 | D:10     | Found a hazy altar of Hepliaklqana.
 12749 | D:12     | Noticed a boulder beetle
 13146 | D:12     | Reached skill level 15 in Fighting
 13233 | D:12     | Noticed a centaur warrior
 13243 | D:12     | Killed a centaur warrior
 13244 | D:12     | Reached skill level 5 in Armour
 13678 | D:12     | Gained mutation: You may rarely emit foul miasma when
                  | damaged in melee. [demonic ancestry]
 13678 | D:12     | Reached XP level 13. HP: 109/123 MP: 13/13
 13882 | Orc:1    | Entered Level 1 of the Orcish Mines
 13891 | Orc:1    | Paralysed by an orc sorcerer for 4 turns
 13975 | Orc:1    | Noticed an ettin
 13976 | Orc:1    | Noticed Josephine
 13984 | Orc:1    | Killed Josephine
 13986 | Orc:1    | Killed an ettin
 14047 | Orc:1    | Reached ***** piety under Trog
 14391 | Orc:2    | Entered Level 2 of the Orcish Mines
 15056 | Orc:2    | Found a staircase to the Elven Halls.
 15620 | Orc:2    | Reached skill level 16 in Fighting
 15822 | Orc:2    | Found Nigin's Armour Boutique.
 15822 | Orc:2    | Found Gihihu's Weapon Boutique.
 15823 | Orc:2    | Found Maysoeth's Armour Shop.
 15823 | Orc:2    | Found Dyaris's General Store.
 15833 | Orc:2    | Bought a potion of haste for 130 gold pieces
 15833 | Orc:2    | Bought a potion of curing for 39 gold pieces
 15833 | Orc:2    | Bought a scroll of blinking for 97 gold pieces
 15833 | Orc:2    | Bought a potion of enlightenment for 65 gold pieces
 16224 | Lair:1   | Entered Level 1 of the Lair of Beasts
 16236 | Lair:1   | Reached skill level 15 in Axes
 16596 | Lair:1   | Received a gift from Trog
 16597 | Lair:1   | Gained mutation: You sometimes emit foul miasma when
                  | damaged in melee. [demonic ancestry]
 16597 | Lair:1   | Reached XP level 14. HP: 133/133 MP: 14/14
 16723 | Lair:1   | Noticed Fannar
 16734 | Lair:1   | Killed Fannar
 17099 | Lair:2   | Noticed Harold
 17106 | Lair:2   | Noticed Erica
 17114 | Lair:2   | Killed Erica
 17116 | Lair:2   | Killed Harold
 17237 | Lair:2   | Found a hazy altar of Hepliaklqana.
 17876 | Lair:2   | Found a staircase to the Shoals.
 18698 | Lair:3   | Found a hole to the Spider Nest.
 19118 | Lair:4   | Reached skill level 17 in Fighting
 19130 | Lair:4   | Received a gift from Trog
 19290 | Lair:4   | Identified the +8 longbow "Taph" {flame, ^Drain rElec rF+++
                  | Str+2 Int+3}
 19370 | Lair:4   | Found a viscous altar of Jiyva.
 19376 | Lair:4   | Found a staircase to the Slime Pits.
 19751 | Lair:5   | Entered Level 5 of the Lair of Beasts
 20322 | Lair:5   | Reached skill level 10 in Armour
 20585 | Lair:5   | Gained mutation: You have hooves in place of feet. [demonic
                  | ancestry]
 20585 | Lair:5   | Reached XP level 15. HP: 88/143 MP: 15/15
 21014 | Lair:5   | Received a gift from Trog
 21478 | D:13     | Noticed Lodul
 21493 | D:13     | Killed Lodul
 21702 | D:13     | Reached skill level 18 in Fighting
 21900 | D:13     | Identified the +5 leather armour of the Undertaker {Rampage
                  | rC+ Will+ Int+2}
 22222 | D:14     | Reached skill level 1 in Shields
 22567 | D:14     | Found a gate to the Vaults.
 22854 | D:15     | Entered Level 15 of the Dungeon
 22856 | D:15     | Found a runed translucent gate.
 22856 | D:15     | Noticed DeathSocks's ghost (journeyman VSBe)
 22857 | D:15     | Found a runed translucent gate.
 22858 | D:15     | Found a runed translucent gate.
 22860 | D:15     | Identified the +4 chain mail "Ekhlall" {*Corrode rPois
                  | Int+5 Dex-2}
 22885 | D:15     | Identified the +8 halberd "Dorad" {protect, ^Contam
                  | ^Fragile rN++ rCorr}
 23151 | D:15     | Found the +2 pair of slick slippers {slick, slippery, EV+4}
 23345 | D:15     | Found a runed translucent door.
 23542 | D:15     | Found a staircase to the Depths.
 23697 | D:15     | Identified the +7 plate armour of Hosm {Regen+}
 24077 | Spider:1 | Entered Level 1 of the Spider Nest
 24087 | Spider:1 | Identified the +4 battleaxe of Patience {antimagic,
                  | ^Fragile Will++ Str+3} (Trog gifted it to you on level 1 of
                  | the Spider Nest)
 24087 | Spider:1 | Received a gift from Trog
 24304 | Spider:1 | Reached XP level 16. HP: 69/155 MP: 16/16
 24804 | Spider:1 | Reached skill level 5 in Shields
 25176 | Spider:1 | Received a gift from Trog
 25434 | Spider:2 | Reached skill level 19 in Fighting
 27226 | Spider:3 | HP: 10/207 [radroach (4)]
 27230 | Spider:3 | HP: 2/214 [wolf spider (9)]
 27617 | Spider:3 | Noticed Bai Suzhen
 27635 | Spider:3 | Killed Bai Suzhen
 28183 | Spider:4 | Entered Level 4 of the Spider Nest
 28282 | Spider:3 | Received a gift from Trog
 28546 | Spider:4 | Slain by an emperor scorpion

Illustrated notes

Levels and vault maps discovered:
D:1:      saegor_arrival_simple_d, layout_rooms, serial_shops,
          nicolae_shop_gibbet_a_chance, nicolae_eternal_life,
          minmay_misc_feat_secret_circle
D:2:      layout_loops_ring
D:3:      minmay_spotlight, layout_rooms, mainiacjoe_overflow_brackets
D:4:      layout_cave_pools, nicolae_gozag_cash_rules_everything_around_me,
          nicolae_overflow_crystal_walls, fedhas_altar_fruit_tree, uniq_grinder
D:5:      layout_loops_cross, zin_statuary, mainiacjoe_overflow_alcove_1,
          makhleb_altar_promises_db, minmay_temple_entry_ruins,
          sigmund_edmund_badplayer, uniq_ijyb
D:6:      minmay_flawed_box, layout_loops_corners, okawaru_ov_weapons_minmay,
          nicolae_specific_store
D:7:      layout_cave_pools, enter_bailey_5, serial_shops,
          nicolae_stop_n_shop_1, minmay_manual_monstrance
D:8:      layout_basic, hellmonk_lair_entry_icy, minmay_joined_circles,
          uniq_prince_ribbit1, uniq_gastronok, uniq_maggie, uniq_psyche
D:9:      minmay_the_grid_3x3 [minmay_the_grid_square_x, minmay_the_grid_tree,
          minmay_the_grid_zigzag_pyramid, minmay_the_grid_mess,
          minmay_the_grid_spin_star, minmay_the_grid_fan,
          minmay_the_grid_large_cup, minmay_the_grid_minigrid_small,
          minmay_the_grid_prize_shrinking_boxes], layout_basic,
          nicolae_ru_awakened_eye, eat_drink_and_be_merry_uskayaw, orc_0_dummy
D:10:     layout_loops_ring, nzn_hepliaklqana_mist_gate,
          kennysheep_pointless_box, kb_rosetta, uniq_joseph
D:11:     minmay_inner_zag, layout_gridville
D:12:     layout_irregular_city, grunt_tough_drop
D:13:     kennysheep_big_flooded_room, layout_rooms, kennysheep_generic_room_15,
          uniq_lodul
D:14:     layout_rooms, hellmonk_vaults_keyhole, serial_aquarium,
          aquarium_bridge_square [aquarium_subvault_bridge,
          aquarium_subvault_window, aquarium_subvault_bridge,
          aquarium_subvault_window], aquarium_bridge_straight
          [aquarium_subvault_bridge, aquarium_subvault_window,
          aquarium_subvault_bridge, aquarium_subvault_wall],
          aquarium_window_corridor_1, aquarium_window_corner, aquarium_window_1,
          aquarium_view_2d, aquarium_view_2b, aquarium_pool_split
D:15:     grunt_enter_depths_snipers, layout_loops_ring,
          biasface_ghost_orc_armoury, nicolae_guarded_unrand_slippers
Temple:   bh_familiar_temple
Lair:1:   layout_misc_corridors, serial_bayou_shore_b, grunt_megastairs_3,
          uniq_fannar
Lair:2:   layout_regular_city, mainiacjoe_shoals_entry_four_pools, basic_altar,
          forest_entry_grove, uniq_harold, uniq_erica
Lair:3:   layout_misc_corridors, hellmonk_spider_entry_life_and_decay,
          grunt_megastairs_4, infiniplex_staircase_pool_2
Lair:4:   layout_gridlike, slime_entry_1, kennysheep_basilisk_garden
Lair:5:   due_jungle_book, layout_small_grid, nicolae_quartered_pool_medium
Spider:1: layout_spider_delve, drop_trap
Spider:2: layout_chambers, nicolae_spider_rock_and_or_roll
Spider:3: layout_spider_delve, uniq_bai_suzhen
Spider:4: spider_rune_water, hangedman_spider_tarantella_strand
Orc:1:    layout_caves, basic_altar, uniq_josephine
Orc:2:    st_orc_pillars, layout_caves, nicolae_orc_lava_room

Skill      XL: |  1  2  3  4  5  6  7  8  9 10 11 12 13 14 15 16 |
---------------+-------------------------------------------------+-----
Throwing       | 2 |  2.0
Axes           | 3 4 5 6 8 9 11 13 14 15 16 17 18 | 18.2
Dodging        | 3 |  3.0
Fighting       | 3 4 5 6 8 10 12 13 15 16 17 18 19 | 19.6
Armour         | 5 7 10 11 | 11.0
Shields        | 4 7 |  7.6

Action                     |  1- 3 |  4- 6 |  7- 9 | 10-12 | 13-15 | 16-18 || total
---------------------------+-------+-------+-------+-------+-------+-------++-------
  Melee: War axe           |   111 |    97 |   289 |   589 |   868 |   401 ||  2355
         Kick              |    19 |    19 |    83 |   212 |   322 |   166 ||   821
         Punch             |     1 |     2 |     2 |     9 |    14 |     9 ||    37
         Flail             |       |       |    21 |       |    32 |       ||    53
         Unarmed           |       |       |     2 |       |       |       ||     2
  Throw: Throwing net      |       |       |     3 |       |       |       ||     3
 Invoke: Berserk           |       |       |     6 |    16 |    15 |     3 ||    40
         Trog's Hand       |       |       |       |     1 |     3 |       ||     4
         Brothers in Arms  |       |       |       |       |     2 |     3 ||     5
  Evoke: Wand              |       |     2 |       |       |       |       ||     2
    Use: Scroll            |       |       |       |     2 |    27 |       ||    29
         Potion            |       |       |       |       |       |     2 ||     2
   Stab: Sleeping          |     2 |       |       |     3 |       |       ||     5
         Held in net/web   |       |       |     1 |       |       |       ||     1
         Distracted        |       |       |       |     2 |       |       ||     2
         Petrified         |       |       |       |       |     5 |       ||     5
 Armour: Leather armour    |    36 |       |       |       |       |       ||    36
         Scale mail        |    24 |    66 |   210 |       |       |       ||   300
         Skin              |       |       |     5 |       |       |       ||     5
         Shadow dragon sca |       |       |    41 |   310 |       |       ||   351
         Storm dragon scal |       |       |       |   325 |   956 |   667 ||  1948
  Dodge: Dodged            |    77 |    64 |   194 |   323 |   616 |   412 ||  1686

Table legend: (Time is in decaauts)
 A = Elapsed time spent in this place.
 B = Non-inter-level travel time spent in this place.
 C = Inter-level travel time spent in this place.
 D = Time resting spent in this place.
 E = Time spent auto-exploring this place.
 F = Levels seen in this place.
 G = Mean time per level.
                   A        B        C        D        E       F      G
               +--------+--------+--------+--------+--------+-----+--------+
         Total |  30347 |  28990 |   1357 |   7391 |  15764 |  28 | 1083.8 |
       Dungeon |  16628 |  15816 |    812 |   4223 |   8604 |  15 | 1108.5 |
        Temple |     37 |     19 |     18 |      0 |      0 |   1 |   37.0 |
          Lair |   5613 |   5286 |    327 |    743 |   3555 |   5 | 1122.6 |
   Spider Nest |   4771 |   4642 |    129 |   1556 |   2168 |   4 | 1192.8 |
  Orcish Mines |   2498 |   2428 |     70 |    493 |   1367 |   2 | 1249.0 |
        Bailey |    798 |    798 |      0 |    375 |     69 |   1 |  798.0 |
               +--------+--------+--------+--------+--------+-----+--------+

Top non-repeatable levels by time:
     D:9: 2389 daAuts
Spider:2: 1869 daAuts
   Orc:2: 1836 daAuts
  Lair:5: 1589 daAuts
    D:10: 1472 daAuts
     D:8: 1423 daAuts
Spider:1: 1407 daAuts
Spider:3: 1400 daAuts
    D:12: 1389 daAuts
     D:6: 1383 daAuts
     D:5: 1333 daAuts
  Lair:3: 1148 daAuts
    D:15: 1105 daAuts
    D:11: 1082 daAuts
  Lair:2: 1065 daAuts
